 Dungeon Crawl Stone Soup version 0.28.0-62-gf88900778d (webtiles) character file.

Game seed: 2129122046338160978

8456 cbfl8 the Cleaver (level 11, -3/126 HPs)
             Began as a Demonspawn Fighter on Jan 17, 2024.
             Was a Believer of Trog.
             Slain by an orc warrior
             ... wielding a +0 dire flail
              (17 damage)
             ... on level 9 of the Dungeon.
             The game lasted 00:13:46 (11469 turns).

cbfl8 the Cleaver (Demonspawn Fighter)             Turns: 11469, Time: 00:13:46

Health: -3/126     AC: 17    Str: 18    XL:     11   Next: 10%
Magic:  0/11       EV:  5    Int:  9    God:    Trog [**....]
Gold:   288        SH:  5    Dex: 16    Spells: 10/10 levels left

rFire   + . .      SeeInvis +   a - +0 broad axe
rCold   . . .      Faith    .   c - +0 buckler
rNeg    . . .      Spirit   +   C - +0 plate armour
rPois   .          Reflect  .   F - +1 hat {SInv}
rElec   .          Harm     +   m - scarf {harm}
rCorr   .          Rampage  .   p - +0 pair of gloves
Will    .....                   (no boots)
Stlth   ..........              o - amulet of guardian spirit
HPRegen 0.31/turn               E - ring of protection from fire
MPRegen 0.12/turn               (no ring)

@: berserking (expiring), very quick
A: claws 2, slimy green scales 1, foul stench 1
a: Renounce Religion, Berserk, Trog's Hand


You were on level 9 of the Dungeon.
You worshipped Trog.
Trog was pleased with you.
You visited 2 branches of the dungeon, and saw 10 of its levels.
You also visited: Bailey.

You collected 288 gold pieces.

Inventory:

Hand Weapons
 a - a +0 broad axe (weapon)
Missiles
 D - a throwing net
Armour
 c - a +0 buckler (worn)
 m - a scarf of harm (worn)
 p - a +0 pair of gloves (worn)
 C - a +0 plate armour (worn)
 F - a +1 hat of see invisible (worn)
Jewellery
 o - an amulet of guardian spirit (around neck)
 E - a ring of protection from fire (left hand)
Wands
 u - a wand of polymorph (22) (quivered)
Scrolls
 f - 2 scrolls of enchant weapon {unknown}
 g - 2 scrolls of blinking
 h - 4 scrolls of noise
 i - a scroll of fear {unknown}
 j - a scroll of magic mapping
 t - a scroll of teleportation
 x - a scroll of fog
 y - a scroll of immolation {unknown}
 z - a scroll of enchant armour {unknown}
Potions
 b - a potion of resistance {unknown}
 d - 4 potions of lignification {unknown}
 e - 3 potions of brilliance {unknown}
 k - a potion of invisibility {unknown}
 l - 2 potions of curing
 q - a potion of berserk rage {unknown}
 r - 2 potions of degeneration {unknown}
 s - 4 potions of mutation {unknown}
 v - a potion of might
 w - 2 potions of magic {unknown}
 A - a potion of cancellation {unknown}
 B - a potion of attraction {unknown}


   Skills:
 + Level 7.5 Fighting
 + Level 10.2 Axes
 + Level 7.3 Armour
 + Level 4.6 Shields
 * Level 7.7 Evocations


You had 10 spell levels left.
You didn't know any spells.
Your spell library contained the following spells:

 Spells                   Type           Power      Damage    Failure   Level
 Scorch                   Fire           0%         2d5       100%        2
 Flame Wave               Conj/Fire      0%         2d4       100%        4
 Summon Ice Beast         Ice/Summ       0%         N/A       100%        4
 Summon Cactus Giant      Summ           0%         N/A       100%        6
 Haunt                    Necr/Summ      0%         N/A       100%        7
 Death's Door             Necr           0%         N/A       100%        9


Dungeon Overview and Level Annotations

Branches:
Dungeon (9/15)             Temple (1/1) D:6          Bailey (visited)
   Lair: D:8-11         Orc: D:9-12

Altars:
Ashenzari
Cheibriados
Dithmenos
Elyvilon
Fedhas
Gozag
Kikubaaqudgha
Makhleb
Nemelex Xobeh
Okawaru
Qazlal
Ru
Sif Muna
Trog
Uskayaw
Vehumet
Xom
Zin

Annotations:
D:3 2 runed translucent doors, tkbsonic5's ghost, amateur HOMo
D:7 2 transporters


Innate Abilities, Weirdness & Mutations

You have very sharp fingernails.
You are partially covered in slimy green scales. (AC +2)
You may rarely emit foul miasma when damaged in melee.


Message History

You closely miss the orc warrior.
The orc warrior is moderately wounded.
The orc warrior hits you with a +0 dire flail!
* * * LOW HITPOINT WARNING * * *
You block the orc warrior's attack.
You closely miss the orc warrior.
The orc warrior is moderately wounded.
The orc warrior hits you with a +0 dire flail!
* * * LOW HITPOINT WARNING * * *
You feel better. The orc warrior barely misses you.
You hit the orc warrior but do no damage.
The orc warrior is moderately wounded.
You block the orc warrior's attack.
You hit the orc warrior but do no damage.
The orc warrior is moderately wounded.
The orc warrior hits you with a +0 dire flail.
* * * LOW HITPOINT WARNING * * *
A red film seems to cover your vision as you go berserk!
You feel yourself moving faster!
You feel mighty! You block the orc warrior's attack.
You hit the orc warrior.
The orc warrior is moderately wounded.
The orc warrior hits you but does no damage.
You closely miss the orc warrior.
The orc warrior is moderately wounded.
The orc warrior hits you with a +0 dire flail!
* * * LOW HITPOINT WARNING * * *
You closely miss the orc warrior.
The orc warrior is moderately wounded.
You closely miss the orc warrior.
The orc warrior is moderately wounded.
The orc warrior hits you but does no damage.
You closely miss the orc warrior.
The orc warrior is moderately wounded.
The orc warrior hits you with a +0 dire flail.
* * * LOW HITPOINT WARNING * * *
You closely miss the orc warrior.
The orc warrior is moderately wounded.
The orc warrior hits you with a +0 dire flail!
You die...

#############
##.##........#
#####...#.######.#
..........# #.#
#####...### #.#
##.## #.# #.#
#####.#### #.#
#...o@)..# ##'##
#.###)##.# ##...##
#.# # ##.....##
..# ##.......# ..#
##.........# ....
.'........... ....
##..........###...
##.......#.#


You could see an orc warrior.

Vanquished Creatures
  Gastronok (D:8)
  2 vault guards (Bailey)
  A two-headed ogre (D:5)
  Joseph (D:7)
  A gargoyle (D:8)
  Prince Ribbit (Bailey)
  Grinder (D:3)
  7 humans (Bailey)
  4 yaks
  2 steam dragons
  3 water moccasins
  An ice beast (D:5)
  A black bear (D:6)
  2 necrophages
  An ogre (D:4)
  2 centaurs
  A kobold brigand (D:7)
  11 bullfrogs
  A gnoll sergeant (D:8)
  A scorpion (D:5)
  A water moccasin zombie (D:6)
  2 water moccasin skeletons
  A howler monkey (D:8)
  3 centaur zombies
  A crimson imp (D:5)
  A bullfrog zombie (D:5)
  A jelly (D:5)
  A centaur skeleton (D:7)
  3 hounds
  4 orc priests
  Jessica (D:3)
  2 iguanas
  Ijyb (D:3)
  5 orc wizards
  An adder (D:3)
  5 gnolls
  3 white imps
  3 adder skeletons (D:4)
  2 worms (D:2)
  4 dart slugs
  22 orcs
  6 bats
  12 endoplasms
  4 giant cockroaches
  12 goblins
  5 hobgoblins
  6 jackals
  5 quokkas
  6 ball pythons
  A frilled lizard (D:3)
  14 kobolds
  6 rats
189 creatures vanquished.

Vanquished Creatures (others)
  A kobold (D:7)
  A plant (D:5)
2 creatures vanquished.

Grand Total: 191 creatures vanquished

Notes
Turn   | Place    | Note
-------+----------+-------------------------------------------
     0 | D:1      | cbfl8 the Demonspawn Fighter began the quest for the Orb.
     0 | D:1      | Reached XP level 1. HP: 18/18 MP: 1/1
   202 | D:1      | Gained mutation: You have sharp fingernails. [demonic
                  | ancestry]
   202 | D:1      | Reached XP level 2. HP: 20/24 MP: 2/2
   403 | D:1      | Reached skill level 2 in Axes
   768 | D:1      | Reached XP level 3. HP: 29/29 MP: 3/3
   977 | D:1      | Found a faded altar of an unknown god.
  1082 | D:1      | Reached skill level 1 in Evocations
  1956 | D:2      | Got the Collected Works on Creative Evil
  2202 | D:3      | Gained mutation: You are partially covered in slimy green
                  | scales. (AC +2) [demonic ancestry]
  2202 | D:3      | Reached XP level 4. HP: 24/35 MP: 4/4
  2373 | D:3      | Found a runed translucent door.
  2376 | D:3      | Noticed a bullfrog
  2376 | D:3      | Noticed tkbsonic5's ghost (amateur HOMo)
  2432 | D:3      | Found a radiant altar of Vehumet.
  2578 | D:3      | Found a runed translucent door.
  2664 | D:3      | Reached skill level 3 in Axes
  2689 | D:3      | Noticed Ijyb
  2691 | D:3      | Noticed Grinder
  2705 | D:3      | Killed Ijyb
  2706 | D:3      | Reached XP level 5. HP: 29/41 MP: 5/5
  2717 | D:3      | Killed Grinder
  2718 | D:3      | Reached skill level 4 in Axes
  2718 | D:3      | Gained mutation: You have very sharp fingernails. [demonic
                  | ancestry]
  2718 | D:3      | Reached XP level 6. HP: 27/48 MP: 6/6
  3004 | D:3      | Noticed Jessica
  3016 | D:3      | Killed Jessica
  3909 | D:4      | Found a shadowy altar of Dithmenos.
  4200 | D:4      | Reached XP level 7. HP: 39/54 MP: 4/7
  4331 | D:5      | Entered Level 5 of the Dungeon
  4387 | D:5      | Reached skill level 5 in Axes
  4560 | D:5      | Found an ancient bone altar of Kikubaaqudgha.
  4748 | D:5      | Noticed a two-headed ogre
  4766 | D:5      | Killed a two-headed ogre
  4767 | D:5      | Reached skill level 5 in Fighting
  4767 | D:5      | Reached skill level 6 in Axes
  4767 | D:5      | Reached XP level 8. HP: 13/62 MP: 2/8
  5256 | D:5      | Found a shimmering blue altar of Sif Muna.
  5537 | D:5      | Found a burning altar of Makhleb.
  5538 | D:5      | Found a shimmering altar of Xom.
  5981 | D:6      | Reached skill level 5 in Evocations
  6056 | D:6      | Reached skill level 5 in Armour
  6071 | D:6      | Reached skill level 7 in Axes
  6395 | D:6      | Found a staircase to the Ecumenical Temple.
  6446 | Temple   | Entered the Ecumenical Temple
  6506 | Temple   | Became a worshipper of Trog the Wrathful
  6870 | D:7      | Noticed Joseph
  6870 | D:7      | Found a sparkling altar of Nemelex Xobeh.
  6871 | D:7      | Noticed Maggie
  7164 | D:7      | Reached XP level 9. HP: 29/68 MP: 2/9
  7441 | D:7      | Found a transporter.
  7441 | D:7      | Noticed a brown ugly thing
  7443 | D:7      | Found a transporter.
  7565 | D:7      | Noticed Maggie
  7565 | D:7      | Maggie changed into Maggie the centaur
  7583 | D:7      | Killed Maggie the centaur
  7591 | D:7      | Killed Joseph
  7994 | D:7      | Noticed a brown ugly thing
  7994 | D:7      | Noticed a cyan ugly thing
  8520 | D:8      | Reached skill level 8 in Axes
  8553 | D:8      | Found a flagged portal.
  8559 | Bailey   | Entered a bailey
  8883 | Bailey   | Gained mutation: You may rarely emit foul miasma when
                  | damaged in melee. [demonic ancestry]
  8883 | Bailey   | Reached XP level 10. HP: 39/76 MP: 5/10
  9076 | Bailey   | Reached * piety under Trog
  9407 | Bailey   | Noticed Prince Ribbit
  9407 | Bailey   | Noticed a vault guard
  9418 | Bailey   | Killed a vault guard
  9419 | Bailey   | Reached skill level 9 in Axes
  9420 | Bailey   | Killed Prince Ribbit
  9808 | Bailey   | Noticed a vault guard
  9824 | Bailey   | Killed a vault guard
 10353 | D:8      | Noticed a gargoyle
 10814 | D:8      | Killed a gargoyle
 10967 | D:8      | Noticed Gastronok
 10981 | D:8      | Killed Gastronok
 10982 | D:8      | Reached skill level 10 in Axes
 10982 | D:8      | Reached XP level 11. HP: 84/84 MP: 7/11
 11448 | D:9      | Reached ** piety under Trog
 11469 | D:9      | Slain by an orc warrior

Illustrated notes

Levels and vault maps discovered:
D:1:      dpeg_arrival_prison, layout_loops_ring,
          shapermc_ecumenical_altar_acropolis, dk_noncrumbling_3
D:2:      layout_basic
D:3:      layout_loops_ring, marbit_many_paths, ebering_ghost_sewer_f,
          uniq_jessica, uniq_ijyb, uniq_grinder
D:4:      layout_gridville, nicolae_dithmenos_the_darkroom,
          minmay_parallelograms
D:5:      layout_basic, grunt_temple_overflow_champion_of_chaos,
          mainiacjoe_overflow_concentric_impassable,
          gammafunk_temple_overflow_forgotten
D:6:      layout_basic, minmay_temple_entry_statues_fountains
D:7:      gammafunk_corrupted_shrine, layout_basic,
          mainiacjoe_overflow_brackets, wad_floor_pattern_2, uniq_maggie,
          uniq_joseph
D:8:      layout_loops_ring, enter_bailey_3, uniq_gastronok
D:9:      layout_loops_corners, mainiacjoe_overflow_small_starburst,
          gammafunk_temple_overflow_pools, minmay_lair_entry_grove, orc_0_dummy
Temple:   compressed_dpeg_triangle_lava_temple

Skill      XL: |  1  2  3  4  5  6  7  8  9 10 |
---------------+-------------------------------+-----
Armour         | 3 4 5 6 7 |  7.3
Axes           | 2 3 4 6 7 8 10 | 10.2
Evocations     | 1 2 3 4 5 6 7 |  7.7
Shields        | 3 4 |  4.6
Fighting       | 4 5 6 7 |  7.5

Action                   |  1- 3 |  4- 6 |  7- 9 | 10-12 || total
-------------------------+-------+-------+-------+-------++-------
Melee: War axe           |   130 |   126 |   173 |    46 ||   475
       Broad axe         |       |       |       |   107 ||   107
Invok: Berserk           |       |       |       |     3 ||     3
Evoke: Wand              |       |       |    16 |       ||    16
  Use: Potion            |       |     1 |     6 |     6 ||    13
       Scroll            |       |     3 |     6 |     1 ||    10
 Stab: Invisible         |       |       |     1 |       ||     1
Armor: Scale mail        |    79 |    48 |       |       ||   127
       Chain mail        |       |    24 |    99 |       ||   123
       Plate armour      |       |       |    77 |    82 ||   159
Dodge: Dodged            |    52 |    43 |   101 |    44 ||   240
Block: Buckler           |    29 |    27 |    70 |    30 ||   156
